Map: [ESL] Site Delta

Players

Reynor

  • Race: Zerg Zerg
  • League: Master
  • Spawn Location: 5:00

LiquidClem (Clem) - Winner!

  • Race: Terran Terran
  • League: Grandmaster
  • Spawn Location: 11:00

Event: Bellum Gens Elite Stara Zagora 2024

VOD

Have the link to the VOD?

Description

Time

  • Played on: Sept. 8, 2024, 8:25 a.m.
  • Length: 9:10

All games in this series

Show
View Real Time Build Order
Export as new Build Order

Reynor Zerg 

Build Orders: Hatch First 

Get SALT Encoding   

  12  0:00  Drone  
  13  0:11  Overlord  
  13  0:16  Drone  
  14  0:30  Drone x2  
  16  0:48  Hatchery  
  15  0:51  Drone  
  15  0:54  Drone  
  17  0:57  Drone  
  18  1:08  Extractor  
  17  1:12  Spawning Pool  
  17  1:16  Drone  
  17  1:19  Drone  
  18  1:27  Drone  
  19  1:38  Drone  
  20  1:48  Overlord  
  20  1:59  Queen x2  
  24  2:05  Roach Warren, Drone  
  25  2:08  Drone  
  25  2:11  Drone  
  26  2:17  Overlord  
  26  2:33  Overlord  
  26  2:44  Roach  
  26  2:45  Roach x3  
  26  2:46  Roach  
  36  2:53  Roach  
  36  2:56  Roach  
  40  3:03  Overlord  
  40  3:06  Drone x2  
  40  3:10  Drone x2  
  44  3:13  Drone  
  44  3:16  Drone  
  46  3:23  Overlord  
  46  3:25  Drone  
  47  3:30  Drone x2  
  47  3:32  Ravager x2  
  51  3:36  Overlord  
  51  3:42  Drone x2  
  53  3:50  Overlord  
  51  3:58  Drone  
  51  4:00  Ravager  
  51  4:02  Drone  
  52  4:04  Hatchery  
  52  4:06  Drone  
  52  4:12  Overlord  
  52  4:13  Drone, Queen  
  55  4:19  Drone x3  
  55  4:22  Overlord  
  58  4:27  Ravager  
  58  4:30  Overlord  
  59  4:31  Drone x3  
  62  4:39  Overlord  
  62  4:44  Queen  
  53  4:46  Drone  
  53  4:47  Drone  
  53  4:48  Drone  
  53  4:49  Queen  
  53  4:52  Drone x2  
  57  4:55  Extractor  
  57  4:56  Extractor  
  57  4:57  Roach  
  57  5:03  Roach  
  57  5:05  Roach  
  61  5:13  Overlord  
  61  5:16  Drone x2, Queen  
  65  5:25  Roach  
  65  5:26  Zergling x4, Roach  
  65  5:27  Queen  
  65  5:28  Queen  
  69  5:38  Drone x2  
  69  5:40  Drone x2  
  69  5:41  Spore Crawler, Overlord  
  73  5:43  Metabolic Boost  
  73  5:46  Drone  
  73  5:48  Drone x3  
  77  5:58  Lair  
  77  6:01  Extractor  
  77  6:03  Zergling x2, Roach x3  
  81  6:04  Spore Crawler  
  81  6:07  Spore Crawler, Drone  
  81  6:09  Spore Crawler  
  79  6:14  Roach x2  
  80  6:18  Queen  
  78  6:30  Drone x4  
  78  6:31  Drone  
  82  6:41  Zergling x12  
  82  6:45  Overlord  
  88  6:50  Zergling x8  
  88  6:53  Zergling x2  
  88  6:54  Zergling x2  
  93  6:59  Zergling x6  
  93  7:00  Ravager x2  
  93  7:01  Ravager x2  
  98  7:06  Ravager x2  
  98  7:07  Zergling x4  
  103  7:09  Zergling x2  
  103  7:12  Ravager  
  103  7:14  Zergling x2  
  106  7:16  Zergling x2  
  106  7:17  Queen  
  106  7:21  Zergling x2  
  110  7:23  Zergling x2  
  110  7:28  Zergling x8  
  114  7:30  Overlord  
  114  7:33  Ravager x3  
  114  7:35  Zergling x8  
  121  7:38  Zergling x2  
  121  7:42  Zergling x2  
  123  7:46  Zergling x2  
  123  7:49  Roach  
  126  7:53  Zergling x2  
  126  7:57  Zergling x6  
  110  8:06  Zergling x4, Roach  
  110  8:12  Zergling x4, Roach x2  
  108  8:15  Roach x2  
  109  8:22  Zergling x2  
  109  8:26  Zergling x6  
  110  8:27  Zergling x8  
  110  8:28  Zergling x2  
  110  8:31  Queen x2  
  110  8:34  Ravager x3  
  120  8:37  Zergling x4  
  120  8:38  Zergling x6  
  120  8:40  Zergling x2  
  124  8:45  Zergling x2  
  124  8:46  Roach  
  116  8:50  Roach  
  116  8:52  Zergling x8  
  118  8:57  Ravager  
Show
View Real Time Build Order
Export as new Build Order

LiquidClem Terran - Winner!

Build Orders: Hellion Banshee 

Get SALT Encoding   

  12  0:00  SCV  
  13  0:12  SCV  
  14  0:17  Supply Depot  
  14  0:24  SCV  
  15  0:39  SCV  
  15  0:41  Barracks  
  15  0:42  Refinery  
  16  0:51  SCV  
  17  1:03  SCV  
  18  1:15  SCV  
  19  1:27  Marine  
  19  1:28  Orbital Command  
  20  1:37  Command Center  
  20  1:45  Marine  
  21  1:55  Factory  
  21  1:57  SCV  
  22  2:04  Barracks Reactor  
  22  2:09  Supply Depot, SCV  
  23  2:15  Refinery  
  23  2:31  SCV  
  24  2:39  Starport  
  24  2:43  SCV  
  27  2:44  Hellion x2  
  27  2:46  Marine  
  30  2:51  Orbital Command  
  30  2:55  SCV  
  31  3:04  Marine  
  32  3:06  Hellion  
  32  3:07  SCV  
  32  3:10  Hellion  
  37  3:16  Medivac  
  39  3:23  Armory  
  39  3:26  Marine  
  40  3:29  Supply Depot, SCV  
  40  3:32  SCV  
  42  3:35  Hellion  
  42  3:39  Hellion  
  46  3:50  SCV x2  
  46  3:51  Starport Tech Lab  
  46  3:53  Marine  
  47  4:02  SCV, Cyclone  
  48  4:06  Supply Depot  
  48  4:09  Banshee  
  52  4:11  Marine  
  52  4:14  SCV  
  54  4:20  Cyclone  
  54  4:23  SCV  
  53  4:25  Supply Depot  
  53  4:26  SCV  
  53  4:29  Marine  
  52  4:35  SCV  
  52  4:38  SCV  
  48  4:45  Cloaking Field  
  48  4:47  SCV  
  48  4:50  SCV  
  48  4:52  Barracks Tech Lab  
  50  4:53  Factory Reactor  
  50  4:54  Banshee  
  53  5:01  Command Center  
  53  5:03  SCV  
  53  5:04  SCV  
  55  5:11  Stimpack  
  55  5:12  Marine  
  56  5:15  SCV  
  56  5:16  SCV  
  56  5:18  Barracks  
  58  5:24  Supply Depot  
  58  5:27  SCV  
  58  5:28  SCV  
  60  5:29  Marine  
  61  5:36  Refinery x2, Barracks  
  61  5:38  Supply Depot  
  61  5:39  SCV  
  61  5:40  SCV  
  63  5:43  Factory Reactor  
  63  5:44  Banshee  
  63  5:47  Marine  
  66  5:51  SCV, Engineering Bay  
  66  5:52  SCV, Engineering Bay  
  62  6:03  SCV  
  63  6:04  SCV  
  63  6:05  Marine, Barracks x2  
  65  6:16  Orbital Command, SCV x2  
  67  6:20  Marine x2  
  67  6:23  Marine  
  70  6:28  SCV x2  
  70  6:31  Marine x2  
  71  6:35  Terran Infantry Weapons Level 1, Terran Infantry Armor Level 1  
  71  6:37  Supply Depot  
  71  6:38  Marine  
  71  6:39  Siege Tank, Starport Reactor  
  75  6:40  SCV  
  75  6:41  SCV  
  75  6:45  Orbital Command, Marine x2  
  79  6:49  Marine  
  79  6:50  Marine  
  79  6:52  SCV  
  79  6:53  SCV  
  83  6:55  Supply Depot  
  83  6:56  Marine  
  83  6:57  Barracks Reactor x2  
  84  7:03  Combat Shield, Marine  
  84  7:04  SCV  
  84  7:05  SCV, Marine  
  88  7:11  SCV  
  88  7:13  Supply Depot  
  88  7:15  Marine x2  
  91  7:16  SCV  
  91  7:17  SCV, Medivac  
  91  7:18  Medivac  
  97  7:23  SCV, Siege Tank  
  97  7:24  Marine  
  97  7:25  Marine  
  97  7:26  Supply Depot  
  97  7:28  SCV  
  104  7:31  Refinery x2  
  104  7:33  Marine x2  
  104  7:34  Supply Depot  
  104  7:35  Marine x3  
  109  7:38  SCV  
  109  7:41  Marine  
  109  7:43  Marine  
  112  7:46  Supply Depot, SCV  
  112  7:48  Supply Depot, Marine x2, Factory  
  112  7:49  SCV  
  112  7:50  Medivac  
  112  7:51  Marine x2  
  119  7:53  Medivac  
  119  7:55  Marine  
  119  7:57  Supply Depot  
  123  7:59  SCV  
  123  8:00  Supply Depot x2  
  123  8:03  Marine  
  111  8:09  Marine x7  
  111  8:12  Marine  
  103  8:17  Siege Tank  
  101  8:20  Marine  
  101  8:22  Medivac  
  101  8:27  SCV, Marine x6  
  101  8:29  SCV  
  101  8:30  Marine  
  107  8:38  Marine, Barracks  
  107  8:39  Marine  
  106  8:45  Marine x4  
  106  8:47  Marine  
  106  8:48  SCV, Marine  
Tags
 
Add a new tag
Caveats
  • Supply blocks, unpowered buildings, or Contaminate may cause inaccurate times.
  • Supply counts are checked every 10 seconds.